Cogmind - Beta 10.2 @@@ ROGUE MODE // 2021.05.07 @ 12:24:55 Player: darlorth Result: Destroyed by G-34 Mercenary with Small Laser Performance ------------- Evolutions (1) 500 Regions Visited (3) 600 Robots Destroyed (28) 140 Value Destroyed (666) 666 Prototype IDs (1) 20 Alien Tech Used (0) 0 Bonus (0) 0 TOTAL SCORE: 1926 Bonus ------- None Cogmind --------- Core Integrity 0/400 Matter 300/300 Energy 100/100 System Corruption 1% Temperature Cool (6) Movement Core (300) Ox5 Location -9/Materials Parts ------- > --- POWER (1) -------- (None) > --- PROPULSION (3) --- (None) > --- UTILITY (3) ------ Large Storage Unit > --- WEAPON (2) ------- (None) > --- INVENTORY (10) --- Improved Heat Sink High-capacity Battery (400) Experimental Sensor Array Grenade Launcher Peak State ------------ > --- POWER ------------ Light Nuclear Core > --- PROPULSION ------- Aluminum Leg Aluminum Leg > --- UTILITY ---------- Improved Heat Sink Experimental Sensor Array > --- WEAPON ----------- Light Assault Rifle Light Assault Rifle > --- INVENTORY -------- Aluminum Leg Heat Sink Light Armor Plating Grenade Launcher [Rating: 16] Favorites ----------- Power Light Nuclear Core Engine Ion Engine Power Core Light Nuclear Core Propulsion Aluminum Leg Treads Light Treads Leg Aluminum Leg Utility Light Armor Plating Device Improved Heat Sink Storage Large Storage Unit Protection Light Armor Plating Weapon Light Assault Rifle Energy Gun Small Laser Ballistic Gun Light Assault Rifle Launcher Grenade Launcher Build | -11 -10 -10 -9 ------- Run | Scr Mat Min Mat Slots Evolved 2 | . . . 2 Power . | . . . . Propulsion 1 | . . . 1 Utility 1 | . . . 1 Weapon . | . . . . Parts Attached 33 | 5 5 11 12 Power 3 | 1 1 1 . Engine 2 | 1 1 . . Core 1 | . . 1 . Reactor . | . . . . Propulsion 6 | 2 . 1 3 Treads 2 | . . . 2 Leg 4 | 2 . 1 1 Wheel . | . . . . Hover . | . . . . Flight . | . . . . Utility 10 | . 2 4 4 Device 4 | . 1 2 1 Storage 1 | . . . 1 Processor . | . . . . Hackware . | . . . . Protection 5 | . 1 2 2 Artifact . | . . . . Weapon 14 | 2 2 5 5 Energy Gun 7 | 2 2 1 2 Energy Cannon . | . . . . Ballistic Gun 5 | . . 3 2 Ballistic Cannon . | . . . . Launcher 2 | . . 1 1 Special Weapon . | . . . . Impact Weapon . | . . . . Slashing Weapon . | . . . . Piercing Weapon . | . . . . Special Melee Weapon . | . . . . Unidentified Prototypes 1 | . . 1 . Parts Lost 17 | . . 4 13 Power 1 | . . . 1 Propulsion 5 | . . . 5 Utility 5 | . . 1 4 Weapon 6 | . . 3 3 Highest Loss Streak 6 | . . 2 6 Average Slot Usage (%) 91 | . 84 99 84 Engine 3 | . 14 1 . Core 7 | . . 12 3 Treads 2 | . . . 6 Leg 26 | . 28 28 23 Device 10 | . 2 15 8 Storage 1 | . . . 3 Protection 14 | . 11 12 19 Energy Gun 11 | . 28 7 6 Ballistic Gun 13 | . . 20 12 Naked Turns . | . . . . Heaviest Build 24 | 7 11 15 24 Greatest Support 30 | 20 20 20 30 Greatest Overweight (x) 5 | 1 . . 5 Average Overweight (x) . | . . . . Largest Inventory Capacity 10 | 4 4 4 10 Average Capacity 4 | 4 4 4 5 Most Carried 5 | 2 4 4 5 Average Carried 3 | . 3 3 4 Final Capacity 10 | 4 4 4 10 Final Carried 4 | . 3 4 4 Class Distribution -------------------- 72% | Scavenger-Mutant 27% | Mutant Dominant Class ---------------- Mutant | -10/Materials Scavenger-Mutant | -10/Mines Scavenger-Mutant | -9/Materials Resources | -11 -10 -10 -9 ----------- Run | Scr Mat Min Mat Matter Collected 639 | 208 82 130 219 Remotely . | . . . . Salvage Created 700 | . 134 265 301 Parts 58 | . 12 27 19 Haulers Intercepted . | . . . . Recyclers Shooed 2 | . 2 . . Parts Field Recycled . | . . . . Retrieved Matter . | . . . . Parts Self-Destructed . | . . . . Prevented . | . . . . Kills | -11 -10 -10 -9 ------- Run | Scr Mat Min Mat Combat Hostiles Destroyed 27 | . 5 13 9 Guns 20 | . 5 10 5 AOE 6 | . . 3 3 Classes Destroyed 4 | . 2 . 2 Operator 1 | . . . 1 Swarmer 15 | . 3 9 3 Grunt 9 | . 2 4 3 Sentry 3 | . . . 3 Best Kill Streak 3 | . 3 3 3 Combat Bots Only 3 | . 3 3 3 Max Kills in Single Turn 2 | . 1 2 2 Gunslinging . | . . . . Exploded 2 | . . 2 2 Melee . | . . . . Uniques/NPCs Destroyed . | . . . . Combat | -11 -10 -10 -9 -------- Run | Scr Mat Min Mat Damage Taken 2126 | . 151 552 1423 Core 515 | . 23 89 403 Absorbed by Shields . | . . . . Core Remaining (%) 77 | 100 . 55 . Volleys Fired 111 | . 39 38 34 Largest 2 | . 2 2 2 Hottest 95 | . 80 95 85 Shots Fired 206 | . 70 75 61 Gun 202 | . 70 73 59 Cannon . | . . . . Launcher 4 | . . 2 2 Special . | . . . . Kinetic 91 | . . 47 44 Thermal 108 | . 70 26 12 Explosive 4 | . . 2 2 Electromagnetic 3 | . . . 3 Robot Hit Streak 10 | . 5 10 7 Robot Miss Streak 5 | . 2 5 3 Penetration Max . | . . . . Secondary Targets 4 | . 1 3 . Max Gunslinging Chain 1 | . 1 1 . Shots Hit Robots 110 | . 19 49 42 Core Hits 52 | . 8 23 21 Critical Hits 1 | . . 1 . Critical Kills 1 | . . 1 . Critical Parts Destroyed . | . . . . Melee Attacks . | . . . . Impact . | . . . . Slashing . | . . . . Piercing . | . . . . Sneak Attacks . | . . . . Combat Hostiles . | . . . . Follow-up Attacks . | . . . . Damage Inflicted 1482 | . 198 563 721 Guns 1156 | . 198 449 509 Cannons . | . . . . Explosions 304 | . . 112 192 Melee . | . . . . Ramming 22 | . . 2 20 Kinetic 596 | . . 252 344 Thermal 519 | . 198 197 124 Explosive 251 | . . 112 139 Electromagnetic 94 | . . . 94 Impact . | . . . . Slashing . | . . . . Piercing . | . . . . Highest Corruption 1 | . . . 1 Average Corruption 1 | . . . 1 Corruption Purged . | . . . . Overload Shots . | . . . . Overflow Damage . | . . . . Projectiles . | . . . . Explosions . | . . . . Melee . | . . . . Knockbacks . | . . . . Impact . | . . . . Kinetic . | . . . . Secondary . | . . . . Self-Inflicted Damage . | . . . . Shots . | . . . . Rammed 14 | . . . 14 Targets Rammed 15 | . . 1 14 Kicked 1 | . . 1 . Crushed . | . . . . Highest Temperature 459 | . 459 36 49 Average Temperature 124 | . 180 13 14 Received Heat Transfer 756 | . 54 177 525 Effects 4 | . 4 . . Shutdowns 1 | . 1 . . Energy Bleed 1 | . 1 . . Interference 1 | . 1 . . Damage (minor) 1 | . 1 . . Siege Activations . | . . . . Robots Corrupted 1 | . . . 1 Combat Hostiles 1 | . . . 1 Parts Fried 1 | . . . 1 Impact Corruptions . | . . . . Robots Melted . | . . . . Combat Hostiles . | . . . . Parts Melted 1 | . 1 . . Heat Transferred 1195 | . 450 449 296 Parts Sabotaged . | . . . . Parts Stolen . | . . . . Parts Stripped . | . . . . Power Chain Reactions . | . . . . Missiles Intercepted . | . . . . Alert | -11 -10 -10 -9 ------- Run | Scr Mat Min Mat Peak Influence 200 | . 159 140 200 Initial 33 | . . . 33 Average 68 | . 89 58 76 Maximum Alert Level 1 | . . . 1 Low Security (%) 99 | 100 100 100 99 Level 1 . | . . . . Level 2 . | . . . . Level 3 . | . . . . Level 4 . | . . . . Level 5 . | . . . . High Security . | . . . . Max Security . | . . . . Squads Dispatched 4 | . 2 . 2 Investigation 2 | . 1 . 1 Extermination . | . . . . Reinforcement 2 | . 1 . 1 Assault . | . . . . Garrison . | . . . . Intercept . | . . . . Construction Impeded . | . . . . Haulers Reinforced . | . . . . Stealth | -11 -10 -10 -9 --------- Run | Scr Mat Min Mat Distress Signals 1 | . . . 1 Communications Jammed . | . . . . Distress Signals . | . . . . Times Spotted 48 | . 11 13 24 Peak Tracking Total 6 | . 5 4 6 Tactical Retreats . | . . . . Traps | -11 -10 -10 -9 ------- Run | Scr Mat Min Mat Traps Triggered . | . . . . Indirectly . | . . . . Trap Hack Attempts . | . . . . Triggered . | . . . . Disarmed . | . . . . Reprogrammed . | . . . . Reused . | . . . . Traps Extracted . | . . . . Installed . | . . . . Triggered . | . . . . Machines | -11 -10 -10 -9 ---------- Run | Scr Mat Min Mat Machines Disabled 2 | . . 1 1 Max in Single Turn 1 | . . 1 1 Machines Sabotaged . | . . . . Garrisons Compromised . | . . . . Overloaded Fab Kills . | . . . . Fab Network Shutdowns . | . . . . Hacking | -11 -10 -10 -9 --------- Run | Scr Mat Min Mat Machines Accessed 11 | . 2 . 9 Terminals 8 | . 1 . 7 Fabricators . | . . . . Repair Stations . | . . . . Recycling Units 2 | . 1 . 1 Scanalyzers 1 | . . . 1 Garrison Access . | . . . . Total Hacks 34 | . 8 . 26 Successful 22 | . 5 . 17 Failed 12 | . 3 . 9 Catastrophic 1 | . . . 1 Database Lockouts . | . . . . Manual 20 | . 4 . 16 Terminals 25 | . 3 . 22 Fabricators . | . . . . Repair Stations . | . . . . Recycling Units 6 | . 5 . 1 Scanalyzers 3 | . . . 3 Garrison Access . | . . . . Terminal Hacks 8 | . . . 8 Record 3 | . . . 3 Terminal Index 1 | . . . 1 Recycling Unit Index 1 | . . . 1 Alert Level 1 | . . . 1 Unreport Threat 1 | . . . 1 Recall Investigation 1 | . . . 1 Fabricator Hacks . | . . . . Repair Station Hacks . | . . . . Recycling Unit Hacks 4 | . 3 . 1 Report Inventory 2 | . 1 . 1 Retrieve Matter 2 | . 2 . . Scanalyzer 2 | . . . 2 Insert Component 1 | . . . 1 Analyze 1 | . . . 1 Garrison Access Hacks . | . . . . Unauthorized Hacks 8 | . 2 . 6 Terminals 6 | . 1 . 5 Botnet 5 | . 1 . 4 Detonate 1 | . . . 1 Fabricators . | . . . . Repair Stations . | . . . . Recycling Units 1 | . 1 . . Tunnel 1 | . 1 . . Scanalyzers 1 | . . . 1 Extract 1 | . . . 1 Garrison Access . | . . . . Data Cores Recovered . | . . . . Used . | . . . . Hacking Detections 6 | . 1 . 5 Full Trace Events 2 | . 1 . 1 Feedback Events . | . . . . Feedback Blocked . | . . . . Robot Schematics Acquired . | . . . . Robots Built . | . . . . Matter . | . . . . Time . | . . . . Total Robot Build Rating . | . . . . Part Schematics Acquired 2 | . . . 2 Parts Built . | . . . . Matter . | . . . . Time . | . . . . Total Part Build Rating . | . . . . Parts Repaired . | . . . . Time . | . . . . Parts Recycled . | . . . . Recycled Matter . | . . . . Retrieved Matter . | . . . . Retrieved Components . | . . . . Parts Scanalyzed 1 | . . . 1 Part Schematics Acquired 1 | . . . 1 Parts Damaged . | . . . . Bothacking | -11 -10 -10 -9 ------------ Run | Scr Mat Min Mat Used RIF Installer . | . . . . Robots Hacked . | . . . . Non-combat . | . . . . Combat . | . . . . Robot Hacks Applied . | . . . . Relay Couplers Released . | . . . . Robots Rewired . | . . . . Allies Hacked . | . . . . Hacks Repelled . | . . . . Allies | -11 -10 -10 -9 -------- Run | Scr Mat Min Mat Total Allies . | . . . . Largest Group . | . . . . Highest-Rated Group . | . . . . Highest-Rated Ally . | . . . . Total Orders . | . . . . Ally Attacks . | . . . . Total Damage . | . . . . Kills . | . . . . Allies Corrupted . | . . . . Allies Melted . | . . . . Intel | -11 -10 -10 -9 ------- Run | Scr Mat Min Mat Robot Analysis Total . | . . . . Derelict Logs Recovered 2 | . . 2 . Drone Launches . | . . . . Drone Recoveries . | . . . . Exploration | -11 -10 -10 -9 ------------- Run | Scr Mat Min Mat Turns Passed 2328 | 70 426 1048 784 Spaces Moved 1472 | 50 235 756 431 Core 19 | 17 . . 2 Treads 16 | . . . 16 Legs 1437 | 33 235 756 413 Wheels . | . . . . Hover . | . . . . Flight . | . . . . Fastest Speed 50 | 50 120 120 120 Average Speed 122 | 102 120 120 129 Slowest Speed 300 | 120 120 120 300 Overloaded Moves . | . . . . Propulsion Burnouts . | . . . . Robots Hopped . | . . . . Cave-ins Triggered . | . . . . Exploration Rate (%) 49 | 4 44 99 51 Regions Visited 3 Branch Regions 1 Pre-discovered Areas 1 | . 1 . . Known Exits Taken . | . . . . Unknown Exits Taken 3 | 1 1 1 . Scrap Searched 1 | . . 1 . Spaces Dug . | . . . . Terrain Destroyed 22 | . . 13 9 Melee . | . . . . Projectile . | . . . . AOE 22 | . . 13 9 Terrain Rammed . | . . . . Walls Destroyed . | . . . . Machines Disabled . | . . . . Actions | -11 -10 -10 -9 --------- Run | Scr Mat Min Mat Total 1795 | 69 309 830 587 Wait 134 | 10 23 13 88 Move 1469 | 49 234 755 431 Hop . | . . . . Pick Up 23 | 5 5 8 5 Fast Attach 4 | . 1 . 3 Attach 16 | 5 1 5 5 Detach . | . . . . Swap 13 | . 3 6 4 Drop 10 | . 3 4 3 Fire 111 | . 39 38 34 Melee . | . . . . Ram 6 | . . . 6 Kick 1 | . . 1 . Crush 8 | . . . 8 Escape Stasis . | . . . . Rewire . | . . . . Trap . | . . . . Miscellaneous . | . . . . Route ------- -11/Scrapyard -10/Materials -10/Mines (discovered 2 exits: *Mat x2) -9/Materials (discovered 2 exits: Min x2) History --------- Turn | Location | Event 13 | -11/Scrapyard | Discovered new exit (range 15) 71 | -11/Scrapyard | Entered Materials 310 | -10/Materials | Build established: Mutant 391 | -10/Materials | Discovered new exit (range 12) 497 | -10/Materials | Entered Mines 503 | -10/Mines | Met a Derelict bent on vengeance 710 | -10/Mines | Discovered new exit (range 7) 849 | -10/Mines | Learned Materials terminal intel 864 | -10/Mines | Found a damaged Exp. Sensor Array with a note attached 872 | -10/Mines | Found Prototype Device 873 | -10/Mines | Identified Exp. Sensor Array 882 | -10/Mines | Discovered new exit (range 14) 898 | -10/Mines | Build established: Scavenger-Mutant 1545 | -10/Mines | Entered Materials 1545 | -9/Materials | Evolved 2 slots: Propulsion x1, Utility x1 1546 | -9/Materials | Identified exit to Mines 1547 | -9/Materials | Loaded intel: 12 terminal locations 2276 | -9/Materials | Core integrity fell below 50% 2306 | -9/Materials | Lost 6 parts (3n2u1w) 2319 | -9/Materials | Core integrity fell below 20% 2329 | -9/Materials | Destroyed by G-34 Mercenary with Small Laser Last Messages --------------- 02272_ K-01 Serf collects debris. 02274_ Slammed into Y-45 Defender. 02274_ K-01 Serf cleans the Terminal. 02275_ Lgt. Treads destroyed. 02276_ U-05 Engineer lays Concrete. 02277_ K-01 Serf collects debris. 02277_ Slammed into Y-45 Defender. 02279_ K-01 Serf collects debris. 02280_ Slammed into Y-45 Defender. 02282_ Slammed into K-01 Serf. 02282_ K-01 Serf cleans the Terminal. 02285_ K-01 Serf collects debris. 02287_ W-16 Scout sends out distress signal. 02304_ Slammed into G-47 Trooper. 02307_ Lgt. Treads destroyed. 02313_ Slammed into G-34 Mercenary. 02313_ Destabilizing: System corrupted (+1). 02316_ Slammed into G-34 Mercenary. 02323_ Imp. Heat Sink destroyed. 02325_ Slammed into G-34 Mercenary. Map ----- +----------------------------------------------------+ | ????????????????????????T?## | | ??????????????????????????+ | | ???????????????????????????# | | ???????????????????????????# ###/#############+# | | ???????????????????????????# ???# #???? | | ????????????????????????????????# #???# | | ????????????????????????????????# ! #???# | | ????????????????????????????????# #???# | | ????????????????????????????????# #???# | | ????????????????????????????????# #???# | | ????????????????????????????????# "T" #???# | | ????????????????????????????????# %"""%#???# | | ????????????????????????????????#! %%%%%#???# | | ????????????????????????????????####+#####???##### | | ???????????????????????????????????# #???????????? | | ????????????????????????############+###?????????? | | ??????????????????? / #?????????? | | ??????????????????????????### """ "" ##?????????? | | ????????????????????????????# """ """ #??????????? | | ????????????????????????????# """ R" #??????????? | | ??????????????"?????????????# """ #??????????? | | ??????????????"?????????????# #??????????? | | ??????????????"?????????????# #??????????? | | ??????????????T?????????????# ! ! #??????????? | | ??????????????"???????###########+#######????????? | | ??????????????"???????+ g@%%%% g%% ?? | | ??????????????"???????########## ?? | | ???????????????????????????????# ?? | | ???????????????????????????????###########/####??? | | ?????????????????????????????????????????????????? | | ?????????????????????????????????????????????????? | | ?????????????????????????????????????????????????? | | ?????????????????????????????????????????????????? | | ?????????????????????????????????????????????????? | | ?????????????????????????????????????????????????? | | ?????????????????????????????????????????????????? | | ?????????????????????????????????????????????????? | | ?????????????????????????????????????????????????? | | ?????????????????????????????????????????????????? | | ?????????????????????????????????????????????????? | | ?????????????????????????????????????????????????? | | ?????????????????????????????????????????????????? | | ?????????????????????????????????????????????????? | | ?????????????????????????????????????????????????? | | ?????????????????????????????????????????????????? | | ?????????????????????????????????????????????????? | | | | | | | | | +----------------------------------------------------+ Best States ------------- Heat Dissipation 42 Energy Generation 14 Energy Capacity 250 Matter Stores 300 Matter Capacity 300 Sight Range 16 Robot Scan Range 30 Terrain Scan Density 10 Armor Coverage 150 Propulsion Shielding 33 Evasion (%) 40 Recoil Reduction 1 Item Schematics ----------------- Exp. Sensor Array | -9/Materials | Scanalyzed Lgt. Cannon | -9/Materials | Extracted Robot Schematics ------------------ None Fabricated ------------ Nothing Alien Tech Used ----------------- None Achievements -------------- None Challenges ------------ None Game ------ Seed ActuatorMasterRay Manual? 0 Play Time 00:27:00 Cumulative 141.8 hours Start 2021.05.07 @ 11:58:23 End 2021.05.07 @ 12:24:55 Sessions 1 Manual Loads 0 Difficulty Rogue Special Mode None Game No. 174 Rogue 105 Adventurer 26 Explorer 43 Win Type - Total 3 Types 2/0/1/0/0/0/0/0/0 Lore% 30 Gallery% 62 Achievement% 49 Wizard Run 0 Options --------- ASCII 0 Keyboard 0 Movement Mouse Keybinds 0 Fullscreen 1 Font 12/Smallcaps Map View 83x54 Tactical HUD 1 Map Filters NONE Filters NONE Steam 1 RUN: cb547610-9ae9-4d65-8b88-0decfc35890b